 Dungeon Crawl Stone Soup version 0.22-a0-283-g1871b15 (webtiles) character file.

15 silt the Skirmisher (level 2, 31/31 HPs)
             Began as a Troll Berserker on Mar 20, 2018.
             Was a Follower of Trog.
             Quit the game on level 1 of the Dungeon.
             The game lasted 00:09:10 (359 turns).

silt the Skirmisher (Troll Berserker)                Turns: 359, Time: 00:09:11

Health: 31/31      AC:  5    Str: 24    XL:     2   Next: 34%
Magic:  1/1        EV: 10    Int:  3    God:    Trog [*.....]
Gold:   72         SH:  0    Dex:  9    Spells: 1/1 levels left

rFire    . . .     SeeInvis .     - Unarmed
rCold    . . .     Gourm    +   (no shield)
rNeg     . . .     Faith    .   a - +0 animal skin
rPois    .         Spirit   .   (helmet restricted)
rElec    .         Reflect  .   (no cloak)
rCorr    .         Harm     .   (gloves unavailable)
MR       .....                  (boots unavailable)
Stlth    +.........             (no amulet)
HPRegen  0.50/turn              (no ring)
MPRegen  0.07/turn              (no ring)

@: no status effects
A: large, unfitting armour, claws 3, fast metabolism 3, gourmand, regeneration
1, shaggy fur 1, tough skin 2
a: Berserk, Renounce Religion


You were on level 1 of the Dungeon.
You worshipped Trog.
Trog was aware of your devotion.
You were not hungry.

You visited 1 branch of the dungeon, and saw 1 of its levels.

You collected 72 gold pieces.

Inventory:

Missiles
 e - 7 stones (quivered)
 f - a throwing net
Armour
 a - a +0 animal skin (worn)
Scrolls
 c - a scroll of enchant armour {unknown}
 g - 3 scrolls of identify {unknown}
 i - a scroll of remove curse {unknown}
Potions
 d - a potion of flight {unknown}
 h - a potion of brilliance {unknown}
 j - a potion of heal wounds {unknown}
 k - a potion of ambrosia {unknown}
Comestibles
 b - 3 rations


   Skills:
 + Level 3.1 Fighting
 - Level 2.4 Dodging
 - Level 3.0 Unarmed Combat


You had one spell level left.
You didn't know any spells.

Dungeon Overview and Level Annotations

Branches:
Dungeon (1/15)

Altars:


Innate Abilities, Weirdness & Mutations

You are too large for most types of armour.
You have claws for hands.
Your metabolism is lightning-fast.
You like to eat raw meat.
Your natural rate of healing is unusually fast.
You are covered in fur. (AC +1)
You have very tough skin. (AC +2)


Message History

Press: ? - help, Shift-Dir - straight line, f/p - giant cockroach
Aim: a giant cockroach (clinging)
You throw a stone.
The stone barely misses the giant cockroach.
The giant cockroach misses you.
You see here a murky emerald potion.
You claw the giant cockroach!
You kill the giant cockroach!
Trog accepts your kill.
No target in view!
j - a murky emerald potion
e - 5 stones (gained 1)
e - 7 stones (gained 2)
k - a silvery potion You are a level 2 Troll Berserker.
You are 34% of the way to level 3.
Play time: 00:08:48 (359 turns)
You are a level 2 Troll Berserker.
You are 34% of the way to level 3.
Play time: 00:08:49 (359 turns) Unknown command.
Are you sure you want to abandon this character and quit the game? (Confirm with "yes".)

#.####...#....#.#######
.. #....#####.#
#.##.....†.#.#########
#....>................
###...................
#....#.#############
#..#.#.# #......#
#....@.# ####...# #...#
#####


There were no monsters in sight!

Vanquished Creatures
  A bat (D:1)
  2 giant cockroaches (D:1)
  2 hobgoblins (D:1)
  3 jackals (D:1)
  2 kobolds (D:1)
  A frilled lizard (D:1)
  2 rats (D:1)
13 creatures vanquished.

Notes
Turn   | Place    | Note
-------+----------+-------------------------------------------
     0 | D:1      | silt the Troll Berserker began the quest for the Orb.
     0 | D:1      | Reached XP level 1. HP: 22/22 MP: 0/0
   223 | D:1      | Reached XP level 2. HP: 29/29 MP: 1/1
   359 | D:1      | Quit the game

Vault maps used:
D:1:      ncdulo_wetmaze

Skill      XL: |  1  2 |
---------------+-------+-----
Fighting       | 3 |  3.1
Dodging        | |  2.4
Unarmed Combat | |  3.0

Action                   || total
-------------------------++-------
Melee: Unarmed           ||    21
Throw: Stone             ||     7
 Stab: Sleeping          ||     1
  Eat: Chunk             ||     1
Armor: Animal skin       ||    16
Dodge: Dodged            ||    12

Table legend:
 A = Spawn XP
 B = Non-spawn XP
 C = Spawn XP percentage of total XP
 D = Spawn monster count
 E = Non-spawn monster count
 F = Spawn count percentage of total count
 G = Total turns spent on level
                    A         B        C        D         E        F      G
               +---------+---------+-------+---------+---------+-------+---------
         Total |       0 |      22 |   0.0 |       0 |      13 |   0.0 |   359
               +---------+---------+-------+---------+---------+-------+---------
           D:1 |       0 |      22 |   0.0 |       0 |      13 |   0.0 |   359
               +---------+---------+-------+---------+---------+-------+---------
